 Dungeon Crawl Stone Soup version 0.27-a0-1144-g0b7d3b79db (webtiles) character file.

Game seed: 8967032602897030429

49053 shoop the Grappler (level 14, -25/129 HPs)
             Began as a Ghoul Fighter on May 10, 2021.
             Was an Elder of Qazlal.
             Killed from afar by a hell knight (29 damage)
             ... with a bolt of fire
             ... on level 15 of the Dungeon on May 11, 2021.
             The game lasted 01:04:35 (26773 turns).

shoop the Grappler (Ghoul Fighter)                 Turns: 26773, Time: 01:04:36

Health: -25/129    AC: 20    Str: 22    XL:     14   Next: 49%
Magic:  17/22      EV:  7    Int:  1    God:    Qazlal [****..]
Gold:   1020       SH: 15    Dex: 16    Spells: 13/13 levels left

rFire    . . .     SeeInvis .     - Unarmed
rCold    + . .     Faith    .   c - +0 kite shield
rNeg     + + +     Spirit   .   Q - +2 chain mail {rN+}
rPois    ∞         Reflect  .   (no helmet)
rElec    .         Harm     .   x - +0 cloak
rCorr    .         Rampage  .   l - +0 pair of gloves
Will     +++..                  (no boots)
Stlth    ..........             a - necklace of Bloodlust {*Rage +Rage Will++ Int-3 Slay+6}
HPRegen  0.00/turn              m - +4 ring of protection
MPRegen  0.18/turn              V - +6 ring of dexterity

@: repel missiles
A: claws 1, cold resistance 1, negative energy resistance 3, inhibited
regeneration, torment resistance 2
a: Renounce Religion, Upheaval, Elemental Force


You were on level 15 of the Dungeon.
You worshipped Qazlal.
Qazlal was greatly pleased with you.
You visited 3 branches of the dungeon, and saw 18 of its levels.
You also visited: Bailey.

You collected 2860 gold pieces.
You spent 1840 gold pieces at shops.

Inventory:

Missiles
 h - 3 silver javelins
 s - 7 throwing nets
 z - 9 atropa-tipped darts
 F - 3 javelins (quivered)
Armour
 c - a +0 kite shield (worn)
 l - a +0 pair of gloves (worn)
 x - a +0 cloak (worn)
 Q - a +2 chain mail of positive energy (worn)
 T - a +0 scale mail of fire resistance
 Z - the +0 chain mail "Loxaff" {rC+ rN+ Stlth+}
   (You bought it in a shop on level 2 of the Orcish Mines)

   It protects you from cold.
   It protects you from negative energy.
   It makes you more stealthy.
Jewellery
 a - the necklace of Bloodlust (around neck) {*Rage +Rage Will++ Int-3 Slay+6}
   (You bought it in a shop on level 2 of the Orcish Mines)

   [amulet of nothing]

   It affects your intelligence (-3).
   It affects your accuracy and damage with ranged weapons and melee attacks
   (+6).
   It lets you go berserk.
   It may make you go berserk in combat.
   It greatly increases your willpower.
 m - a +4 ring of protection (left hand)
 C - a +6 ring of intelligence
 S - an amulet of the acrobat
 V - a +6 ring of dexterity (right hand)
 W - an amulet of reflection
Wands
 q - a wand of charming (5)
 t - a wand of iceblast (10)
 w - a wand of flame (139)
 B - a wand of acid (17)
 M - a wand of digging (2)
 N - a wand of paralysis (11)
 U - a wand of polymorph (5)
Scrolls
 d - 2 scrolls of magic mapping
 e - a scroll of vulnerability
 g - a scroll of brand weapon {unknown}
 k - 5 scrolls of enchant weapon
 n - a scroll of torment
 o - 2 scrolls of fog
 p - 7 scrolls of teleportation
 y - 4 scrolls of enchant armour
 A - 5 scrolls of fear
 D - 4 scrolls of amnesia {unknown}
 J - 2 scrolls of blinking
 K - 2 scrolls of silence
 O - a scroll of summoning
 P - 2 scrolls of immolation
Potions
 b - a potion of might
 f - 2 potions of lignification
 i - 3 potions of brilliance
 j - 4 potions of magic
 r - 4 potions of haste
 u - 6 potions of curing
 v - 8 potions of heal wounds
 E - 2 potions of flight
 H - a potion of attraction
 I - a potion of ambrosia
 L - 2 potions of invisibility
Miscellaneous
 G - a tin of tremorstones (2/2)
 R - a piece from Xom's chessboard (15/15)
 X - a condenser vane


   Skills:
 + Level 13.4 Fighting
 + Level 10.1 Armour
 + Level 2.2 Dodging
 - Level 2.6 Shields
 * Level 14.7 Unarmed Combat
 + Level 12.5 Invocations
 - Level 5.0 Evocations


You had 13 spell levels left.
You didn't know any spells.
Your spell library contained the following spells:

 Spells                   Type           Power      Damage    Failure   Level
 Freeze                   Ice            0%         1d3       100%        1
 Magic Dart               Conj           0%         1d3       100%        1
 Blink                    Tloc           N/A        N/A       100%        2
 Call Imp                 Summ           0%         N/A       100%        2
 Corpse Rot               Necr/Air       N/A        N/A       100%        2
 Searing Ray              Conj           0%         3d3       100%        2
 Slow                     Hex            0%         N/A       100%        2
 Conjure Flame            Conj/Fire      0%         6-21      100%        3
 Dazzling Flash           Conj/Hex       0%         N/A       100%        3
 Frozen Ramparts          Ice            0%         1d2       100%        3
 Mephitic Cloud           Conj/Pois/Air  0%         N/A       100%        3
 Ozocubu's Armour         Ice            0%         N/A       100%        3
 Dispel Undead            Necr           0%         3d6       100%        4
 Fulminant Prism          Conj/Hex       0%         3d6       100%        4
 Hailstorm                Conj/Ice       0%         3d3       100%        4
 Iskenderun's Mystic Bla  Conj/Tloc      0%         2d3       100%        4
 Agony                    Necr           0%         N/A       100%        5
 Excruciating Wounds      Necr           0%         N/A       100%        5
 Metabolic Englaciation   Hex/Ice        0%         N/A       100%        5
 Beastly Appendage        Tmut           Unusable   N/A       N/A         1
 Sublimation of Blood     Necr           Unusable   N/A       N/A         2
 Wereblood                Tmut           Unusable   N/A       N/A         2
 Spider Form              Tmut/Pois      Unusable   N/A       N/A         3
 Ice Form                 Ice/Tmut       Unusable   N/A       N/A         4
 Hydra Form               Tmut           Unusable   N/A       N/A         5

Dungeon Overview and Level Annotations

Branches:
Dungeon (15/15)            Temple (1/1) D:5            Lair (0/6) D:8
    Orc (2/2) D:10            Elf (0/3) Orc:2        Vaults (0/5) D:13
 Bailey (visited)
 Depths: D:15

Altars:
Ashenzari
Cheibriados
Dithmenos
Fedhas
Gozag
Hepliaklqana
Kikubaaqudgha
Makhleb
Nemelex Xobeh
Qazlal
Ru
Sif Muna
Trog
Uskayaw
Vehumet
Wu Jian
Xom
The Shining One
Beogh

Shops:
D:2 *((?:   D:4 =   D:5 (   D:6 ?   D:10 *   Orc:2 ([=?[

Portals:
Abyss: D:5

Annotations:
D:6 1 exclusion
D:12 3 runed translucent doors, exclusion: orange crystal statue
D:15 Zeld's ghost, weakling FoVM


Innate Abilities, Weirdness & Mutations

You thrive by killing the living.
You are immune to poison.
You have sharp fingernails.
Your flesh is cold resistant. (rC+)
You are immune to negative energy. (rN+++)
You do not regenerate when monsters are visible.
You are immune to unholy pain and torment.


Message History

The ettin is heavily wounded.
The ettin hits you with a +0 dire flail!
You block the ettin's attack.
You hit the ettin.
The ettin is heavily wounded.
You block the ettin's attack.
The ettin hits you with a +0 dire flail!!
You punch the ettin!
The ettin is severely wounded.
You block the ettin's attack. The ettin barely misses you.
You punch the ettin!
The ettin is almost dead.
The ettin hits you with a +0 dire flail.
You block the ettin's attack.
You hit the ettin but do no damage.
The ettin is almost dead.
The ettin hits you but does no damage. The ettin barely misses you.
The hell knight gestures wildly while chanting.
The hell knight seems to speed up.
You pummel the ettin!!
You kill the ettin!
Qazlal accepts your kill.
Clouds arounds you coalesce and take form!
The hell knight gestures at you while chanting.
The bolt of fire hits you!!
* * * LOW HITPOINT WARNING * * *
Unknown command.
You close the door, pushing everything out of the way.
Things that are here:
a +2 great sword; a +0 dire flail; a tengu corpse The hell knight closely misses you.
You hit the hell knight.
The hell knight is lightly wounded.
The hell knight hits you with a +5 battleaxe of draining!!
* * * LOW HITPOINT WARNING * * *
You open the door.
Your water elemental disappears in a puff of smoke!
The hell knight casts a spell at you. The bolt of fire hits you!!
You die...

... #......####..<...# p
... #......##.#.#....#
.... #......#....##...#
..... #......##.#.##...###
....§#####.#.......+......
........##.###....##......
........+.........+.......
....#...##p###....######..
. +..['@.# ####.........
#...#### #########. #...#
........ #...# #######.
#...# #. #...# #. #...# #.
#### #. #.


You could see a hell knight (fast).

Vanquished Creatures
  An ettin (D:15)
  A vault guard (D:13)
  3 boulder beetles
  An ogre mage (D:10)
  3 hydras
  5 centaur warriors
  4 two-headed ogres
  2 tengu warriors
  2 orc high priests
  8 skeletal warriors
  A deep troll (D:15)
  5 orc knights
  A deep elf pyromancer (D:14)
  16 ugly things
  A manticore (D:13)
  4 cyclopes
  Joseph (D:8)
  The ghost of leviel the Chopper, a novice MiFi of Ru (D:5)
  A cane toad (shapeshifter) (D:13)
  A gargoyle (D:12)
  3 kobold demonologists
  An efreet (D:15)
  A komodo dragon (D:13)
  A freezing wraith (D:10)
  3 unseen horrors
  A tengu conjurer (D:13)
  A meliai (shapeshifter) (D:14)
  A wolf spider simulacrum (D:13)
  A hornet (D:9)
  5 trolls
  8 slime creatures
  Prince Ribbit (D:8)
  A centaur simulacrum (D:14)
  A shadow (D:9)
  A wraith (D:14)
  9 yaks
  A wyvern (D:10)
  2 basilisks
  A hog (shapeshifter) (D:14)
  A steam dragon (D:10)
  A warg (Orc:1)
  A harpy simulacrum (D:14)
  4 acid dragons
  An ice beast (D:8)
  32 orc warriors
  A black bear (D:6)
  5 ogres
  A necrophage (D:7)
  11 centaurs
  A phantom (D:6)
  4 kobold brigands
  3 bullfrogs (D:7)
  A water moccasin zombie (D:5)
  18 killer bees
  2 howler monkeys
  10 wights
  A bullfrog zombie (D:5)
  6 centaur zombies
  2 jellies
  3 bullfrog skeletons
  7 orc priests
  A quasit (D:5)
  3 gnoll shamans
  A hound (D:5)
  An iron imp (D:5)
  A centaur skeleton (D:7)
  2 iguanas
  19 orc wizards
  2 howler monkey zombies
  Robin (D:1)
  15 gnolls
  4 adders
  2 shadow imps
  3 white imps
  4 worms
  4 dart slugs
  71 orcs
  5 ball pythons
  8 bats
  10 endoplasms
  3 giant cockroaches (D:2)
  21 goblins
  9 hobgoblins
  3 jackals (D:3)
  26 kobolds
  4 quokkas
  3 frilled lizards
  9 rats
456 creatures vanquished.

Vanquished Creatures (others)
  6 withered plants (D:10)
6 creatures vanquished.

Grand Total: 462 creatures vanquished

Notes
Turn   | Place    | Note
-------+----------+-------------------------------------------
     0 | D:1      | shoop the Ghoul Fighter began the quest for the Orb.
     0 | D:1      | Reached XP level 1. HP: 19/19 MP: 0/0
   361 | D:1      | Reached XP level 2. HP: 24/26 MP: 1/1
   535 | D:1      | Found a faded altar of an unknown god.
   538 | D:1      | Reached skill level 3 in Unarmed Combat
   841 | D:2      | Found Mekkoczi's General Store.
   854 | D:2      | Found Jutwesun's Antique Weapon Shop.
   879 | D:2      | Reached XP level 3. HP: 33/33 MP: 2/2
   943 | D:2      | Found Soinwizxo's Weapon Emporium.
  1239 | D:2      | Found Poibany's Book Shop.
  1279 | D:2      | Found Odghett's Magic Scroll Emporium.
  1315 | D:2      | Bought a scroll of teleportation for 33 gold pieces
  1487 | D:2      | Reached XP level 4. HP: 40/40 MP: 3/3
  1496 | D:2      | Reached skill level 4 in Unarmed Combat
  1550 | D:2      | Noticed Robin
  1655 | D:1      | Killed Robin
  1817 | D:2      | Bought a scroll of identify for 22 gold pieces
  2220 | D:3      | Reached XP level 5. HP: 45/46 MP: 4/4
  2682 | D:3      | Found a sparkling altar of Nemelex Xobeh.
  3150 | D:3      | Reached skill level 1 in Evocations
  3154 | D:3      | Reached skill level 5 in Unarmed Combat
  3224 | D:4      | Found Ulaemit's Jewellery Emporium.
  3271 | D:4      | Found a broken altar of Ashenzari.
  3447 | D:4      | You fall into a shaft and drop 1 floor!
  3447 | D:5      | Entered Level 5 of the Dungeon
  3504 | D:5      | Reached XP level 6. HP: 34/55 MP: 5/5
  3636 | D:5      | Found a one-way gate to the infinite horrors of the Abyss.
  3636 | D:5      | Noticed leviel's ghost (novice MiFi)
  4049 | D:2      | Bought a scroll of fog for 22 gold pieces
  4049 | D:2      | Bought a scroll of fear for 38 gold pieces
  4049 | D:2      | Bought a scroll of noise for 11 gold pieces
  4182 | D:5      | Found a blossoming altar of Fedhas.
  4280 | D:5      | Found a transporter.
  4346 | D:5      | Found a transporter.
  4552 | D:6      | Reached skill level 5 in Fighting
  4632 | D:5      | Reached skill level 6 in Unarmed Combat
  4755 | D:5      | Found a snail-covered altar of Cheibriados.
  4772 | D:5      | Found a staircase to the Ecumenical Temple.
  4781 | Temple   | Entered the Ecumenical Temple
  4792 | Temple   | Became a worshipper of Qazlal Stormbringer
  4841 | D:5      | Reached XP level 7. HP: 51/61 MP: 6/6
  5046 | D:5      | Found Heoqyrgh's Antique Weapon Shoppe.
  5083 | D:5      | Found a hazy altar of Hepliaklqana.
  5118 | D:5      | Reached skill level 1 in Invocations
  5471 | D:6      | Found a burning altar of Makhleb.
  5787 | D:6      | Found Egenwuam's Magic Scroll Shop.
  6043 | D:6      | Reached skill level 7 in Unarmed Combat
  6075 | D:6      | Found a shadowy altar of Dithmenos.
  6457 | D:6      | Reached XP level 8. HP: 69/70 MP: 8/8
  6669 | D:6      | Noticed a moth of wrath
  6672 | D:6      | Found a bloodstained altar of Trog.
  6804 | D:6      | Bought a scroll of magic mapping for 38 gold pieces
  7289 | D:7      | Reached skill level 8 in Unarmed Combat
  7474 | D:7      | Reached * piety under Qazlal
  7945 | D:7      | Reached skill level 9 in Unarmed Combat
  8008 | D:7      | Reached XP level 9. HP: 62/79 MP: 11/11
  8552 | D:8      | Found a flagged portal.
  8567 | D:8      | Reached skill level 5 in Invocations
  8666 | D:8      | Noticed Prince Ribbit
  8668 | D:8      | Noticed Joseph
  8690 | Bailey   | Entered a bailey
  8950 | Bailey   | Noticed an orc knight
  8968 | Bailey   | Killed an orc knight
  8969 | Bailey   | Reached skill level 10 in Unarmed Combat
  9223 | Bailey   | Found a bloodstained altar of Trog.
  9277 | D:8      | Killed Joseph
  9537 | D:8      | Killed Prince Ribbit
  9538 | D:8      | Reached XP level 10. HP: 88/88 MP: 13/13
  9549 | D:8      | Found a staircase to the Lair.
  9658 | D:8      | Reached ** piety under Qazlal
  9747 | D:8      | Reached skill level 11 in Unarmed Combat
  9797 | D:8      | Found a shimmering blue altar of Sif Muna.
 10175 | D:2      | Bought a scroll of enchant armour for 82 gold pieces
 10175 | D:2      | Bought a scroll of summoning for 104 gold pieces
 10606 | D:9      | Noticed a kobold demonologist
 10613 | D:9      | Noticed a smoke demon
 10621 | D:9      | Killed a kobold demonologist
 11254 | D:10     | Entered Level 10 of the Dungeon
 11318 | D:10     | Found Qela's General Store.
 11326 | D:10     | Bought a potion of degeneration for 16 gold pieces
 11326 | D:10     | Found a hide-covered altar of Uskayaw.
 11402 | D:10     | Found an opulent altar of Gozag.
 11444 | D:10     | Noticed a kobold demonologist
 11445 | D:10     | Found a staircase to the Orcish Mines.
 11455 | D:10     | Killed a kobold demonologist
 11642 | D:10     | Reached skill level 12 in Unarmed Combat
 11756 | D:4      | Bought an amulet of the acrobat for 390 gold pieces
 11895 | D:10     | Noticed a kobold demonologist
 11904 | D:10     | Killed a kobold demonologist
 11950 | D:10     | Found an ancient bone altar of Kikubaaqudgha.
 12009 | D:10     | Found a sacrificial altar of Ru.
 12236 | D:10     | Reached XP level 11. HP: 91/97 MP: 15/15
 12302 | D:10     | Reached skill level 5 in Armour
 12330 | D:10     | Noticed a cyclops
 12382 | D:10     | Killed a cyclops
 12622 | D:10     | Noticed a white ugly thing
 12623 | D:10     | Noticed a seven-headed hydra
 12624 | D:10     | Identified the +7 great sword of the Screaming Fulmar
                  | {chaos, rElec rF+ Will+ Str+2}
 12624 | D:10     | Noticed a centaur warrior
 12627 | D:10     | Noticed a boulder beetle
 12678 | D:10     | Killed a white ugly thing
 12791 | Orc:1    | Entered Level 1 of the Orcish Mines
 12926 | Orc:1    | Noticed an orc high priest
 13105 | D:10     | Reached skill level 10 in Fighting
 13227 | Orc:1    | Noticed a sixfirhy
 13239 | D:10     | Killed an orc high priest
 13667 | Orc:1    | Noticed an orc knight
 13691 | D:10     | Reached *** piety under Qazlal
 13734 | D:10     | Killed an orc knight
 14003 | D:10     | Noticed an ogre mage
 14138 | D:10     | Paralysed by something for 2 turns
 14141 | D:10     | Killed an ogre mage
 14270 | Orc:1    | Noticed a cyclops
 14274 | Orc:1    | Killed a cyclops
 14519 | Orc:2    | Entered Level 2 of the Orcish Mines
 14644 | Orc:2    | Noticed a centaur warrior
 14663 | Orc:1    | Killed a centaur warrior
 14664 | Orc:1    | Reached XP level 12. HP: 108/108 MP: 18/18
 14734 | Orc:2    | Noticed an orc high priest
 15381 | Orc:1    | HP: 4/110 [orc knight/bolt (19)]
 15817 | Orc:1    | Reached skill level 10 in Invocations
 16577 | Orc:1    | Killed an orc high priest
 17367 | Orc:2    | Found a staircase to the Elven Halls.
 17371 | Orc:2    | Found Omeujife's Weapon Shop.
 17860 | Orc:2    | Found Aggeffeg's Magic Scroll Boutique.
 17860 | Orc:2    | Found Quyhewit's Jewellery Shoppe.
 17862 | Orc:2    | Found Kuxic's Antique Armour Emporium.
 17864 | Orc:2    | Found Heawaedd's Armour Shop.
 17871 | Orc:2    | Bought a shimmering chain mail for 237 gold pieces
 17871 | Orc:2    | Identified the +0 chain mail "Loxaff" {rC+ rN+ Stlth+} (You
                  | bought it in a shop on level 2 of the Orcish Mines)
 17992 | Orc:2    | Bought the necklace of Bloodlust {*Rage +Rage Will++ Int-3
                  | Slay+6} for 648 gold pieces
 17992 | Orc:2    | Found the necklace of Bloodlust {*Rage +Rage Will++ Int-3
                  | Slay+6}
 18172 | D:5      | Bought an iridescent hunting sling for 117 gold pieces
 18172 | D:5      | Identified the +4 hunting sling of the Ten Deaths {venom,
                  | rC++ Int+3 SInv Stlth+} (You bought it in a shop on level 5
                  | of the Dungeon)
 18255 | D:6      | Bought a scroll of blinking for 82 gold pieces
 18344 | D:5      | Reached **** piety under Qazlal
 18369 | D:5      | Killed leviel's ghost
 18904 | D:10     | Killed a seven-headed hydra
 18915 | D:10     | Killed a centaur warrior
 18943 | D:10     | Killed a boulder beetle
 19210 | D:10     | Noticed a two-headed ogre
 19218 | D:10     | Killed a two-headed ogre
 19959 | D:11     | Noticed a two-headed ogre
 19970 | D:11     | Killed a two-headed ogre
 20311 | D:11     | Reached XP level 13. HP: 96/119 MP: 20/20
 21302 | D:12     | Found a runed translucent door.
 21311 | D:12     | Found a runed translucent door.
 21322 | D:12     | Reached skill level 13 in Unarmed Combat
 21414 | D:12     | Found a runed translucent door.
 21560 | D:12     | Found a runed translucent door.
 23229 | D:13     | Noticed a vault guard
 23695 | D:13     | Reached skill level 14 in Unarmed Combat
 23701 | D:13     | Killed a vault guard
 23857 | D:13     | Reached XP level 14. HP: 110/129 MP: 22/22
 24110 | D:13     | Found a gate to the Vaults.
 24128 | D:13     | Identified the +1 ring mail of Youthful Indiscretion
                  | {Int+7}
 24543 | D:14     | Identified a scroll of acquirement
 24544 | D:14     | Acquired the +0 pair of boots of Vehumet's Respect {Dex+7}
 24995 | D:14     | Reached skill level 1 in Dodging
 25028 | D:14     | Reached skill level 10 in Armour
 25829 | D:15     | Entered Level 15 of the Dungeon
 25829 | D:15     | Noticed a lich
 25829 | D:15     | Noticed Zeld's ghost (weakling FoVM)
 26160 | D:14     | Reached skill level 5 in Evocations
 26772 | D:15     | HP: 4/129 [hell knight/+5 battleaxe of draining (23)]
 26773 | D:15     | Killed from afar by a hell knight

Illustrated notes

Levels and vault maps discovered:
D:1:      minmay_arrival_semitransparent, layout_rooms, basic_ecumenical_altar
D:2:      layout_loops_ring, serial_shops, nicolae_shop_crystal,
          nicolae_shop_waterfront, shop, nicolae_shop_waterfront, shop,
          uniq_robin
D:3:      layout_basic, lemuel_crystal_altar, cheibrodos_sewer_entry_bend
D:4:      wander_river, layout_rooms, lemuel_crystal_altar, serial_shops,
          kennysheep_little_box
D:5:      layout_basic, nicolae_overflow_crystal_walls, kennysheep_slug_shrine,
          lemuel_crystal_altar, minmay_temple_entry_hall,
          gammafunk_ghost_abyssal_escape, serial_shops,
          nicolae_shop_overgrown_old_shop, kennysheep_generic_room_3
D:6:      layout_layer_cave, tgw_trog, lemuel_tele_altar, bloody_makhleb,
          serial_shops, shop
D:7:      layout_gridville
D:8:      layout_rooms, amcnicky_altar_gilded, dpeg_oklobed_lair,
          enter_bailey_3, kennysheep_decorative_pillar, uniq_prince_ribbit1,
          uniq_joseph
D:9:      layout_gridville, kennysheep_generic_room_9
D:10:     minmay_the_grid_octo_tiled_squarecenter [minmay_the_grid_octo_empty,
          minmay_the_grid_octo_teeth, minmay_the_grid_octo_toaster,
          minmay_the_grid_octo_chip,
          minmay_the_grid_square_5x5_megaprize_checkered,
          minmay_the_grid_square_5x5_seven, minmay_the_grid_square_5x5_inner_i,
          minmay_the_grid_square_5x5_empty, minmay_the_grid_square_5x5_inner_v],
          layout_basic, old_standard_altar, nicolae_overflow_hidden_temple,
          kiku_gazebo_garden_becter,
          nicolae_gozag_cash_rules_everything_around_me, serial_shops, shop,
          chequers_avenue
D:11:     layout_small_grid
D:12:     layout_grid_maze, minmay_statue_crystal_thing
D:13:     layout_loops_cross, david_vaults_5
D:14:     layout_roguey, corexii_corridor_pit
D:15:     hangedman_depths_entry_civil_slaughter, layout_basic, chequers_garden,
          muffindrake_ghost_dual_entry, einodemon_crawler_minivault, uniq_azrael
Temple:   compressed_dpeg_triangle_lava_temple
Orc:1:    layout_caves
Orc:2:    st_orc_rangers, layout_caves, serial_shops, nicolae_shop_statue_plus,
          mines2_david

Skill      XL: |  1  2  3  4  5  6  7  8  9 10 11 12 13 14 |
---------------+-------------------------------------------+-----
Unarmed Combat | 3 4 5 6 7 9 10 12 14 | 14.7
Fighting       | 4 5 7 8 9 10 12 13 | 13.4
Evocations     | 1 2 4 5 |  5.0
Invocations    | 2 4 6 7 9 11 12 | 12.5
Armour         | 3 4 6 8 9 10 | 10.1
Dodging        | 2 |  2.2
Shields        | |  2.6

Action                   |  1- 3 |  4- 6 |  7- 9 | 10-12 | 13-15 || total
-------------------------+-------+-------+-------+-------+-------++-------
Melee: Unarmed           |   132 |   276 |   430 |   802 |   356 ||  1996
Throw: Javelin           |       |       |     2 |       |       ||     2
Invok: Upheaval          |       |       |       |     4 |     1 ||     5
       Elemental Force   |       |       |       |     1 |     1 ||     2
Evoke: Wand              |       |       |     2 |       |       ||     2
       Tin of tremorston |       |       |       |       |     1 ||     1
       Condenser vane    |       |       |       |       |     1 ||     1
  Use: Scroll            |       |     6 |     6 |     3 |     4 ||    19
       Potion            |       |       |     1 |       |       ||     1
 Stab: Distracted        |       |       |       |     1 |     1 ||     2
Armor: Scale mail        |    51 |   142 |   260 |       |       ||   453
       Plate armour      |       |       |    59 |   276 |       ||   335
       Chain mail        |       |       |       |   318 |   215 ||   533
Dodge: Dodged            |    29 |    78 |   134 |   210 |    59 ||   510
Block: Kite shield       |    60 |   112 |   264 |   736 |   217 ||  1389

Table legend: (Time is in decaauts)
 A = Elapsed time spent in this place.
 B = Non-inter-level travel time spent in this place.
 C = Inter-level travel time spent in this place.
 D = Time resting spent in this place.
 E = Time spent auto-exploring this place.
 F = Levels seen in this place.
 G = Mean time per level.
                   A        B        C        D        E       F      G
               +--------+--------+--------+--------+--------+-----+--------+
         Total |  27001 |  24854 |   2147 |   6451 |  13796 |  19 | 1421.1 |
       Dungeon |  23077 |  21114 |   1963 |   4465 |  13004 |  15 | 1538.5 |
        Temple |     22 |     11 |     11 |      0 |      2 |   1 |   22.0 |
  Orcish Mines |   3330 |   3157 |    173 |   1635 |    790 |   2 | 1665.0 |
        Bailey |    570 |    570 |      0 |    351 |      0 |   1 |  570.0 |
               +--------+--------+--------+--------+--------+-----+--------+

Top non-repeatable levels by time:
    D:10: 4439 daAuts
   Orc:1: 2485 daAuts
     D:6: 2368 daAuts
    D:14: 2159 daAuts
    D:13: 1961 daAuts
    D:12: 1578 daAuts
     D:7: 1546 daAuts
     D:5: 1479 daAuts
     D:3: 1413 daAuts
     D:2: 1274 daAuts
    D:11: 1189 daAuts
     D:9: 1080 daAuts
     D:1: 937 daAuts
     D:8: 871 daAuts
   Orc:2: 844 daAuts
